 Dungeon Crawl Stone Soup version 0.19.0-16-g73b5abf (webtiles) character file.

129 Millan the Chopper (level 4, 0/34 HPs)
             Began as a Demonspawn Gladiator on Nov 10, 2016.
             Slain by a gnoll (6 damage)
             ... on level 3 of the Dungeon.
             The game lasted 00:07:02 (1732 turns).

Millan the Chopper (Demonspawn Gladiator)           Turns: 1732, Time: 00:07:02

Health: 0/34       AC:  7    Str: 16    XL:     4   Next: 88%
Magic:  4/4        EV: 12    Int: 13    God:
Gold:   210        SH:  4    Dex: 14    Spells: 0 memorised, 3 levels left

rFire  . . .     SeeInvis .     a - +0 war axe
rCold  . . .     Gourm    .     b - +0 leather armour
rNeg   . . .     Faith    .     k - +0 buckler
rPois  .         Spirit   .     c - +0 helmet
rElec  .         Reflect  .     (no cloak)
rCorr  .         Harm     .     e - +2 pair of gloves
MR     .....                    (no boots)
Stlth  +.........               (no amulet)
                                p - ring of wizardry
                                n - +4 ring of intelligence

@: drained
A: powered by death 2
a: no special abilities


You were on level 3 of the Dungeon.
You were not hungry.

You visited 1 branch of the dungeon, and saw 3 of its levels.

You collected 210 gold pieces.

Inventory:

Hand Weapons
 a - a +0 war axe (weapon)
Missiles
 d - 3 throwing nets (quivered)
Armour
 b - a +0 leather armour (worn)
 c - a +0 helmet (worn)
 e - a +2 pair of gloves (worn)
 k - a +0 buckler (worn)
Jewellery
 n - a +4 ring of intelligence (left hand)
 p - a ring of wizardry (right hand)
Scrolls
 i - 5 scrolls of identify {unknown}
 m - a scroll of random uselessness {unknown}
 r - a scroll of magic mapping {unknown}
 s - a scroll of enchant weapon {unknown}
 w - 2 scrolls of fog {unknown}
Potions
 h - 3 potions of curing {unknown}
 j - a potion of flight {unknown}
 l - 2 potions of cancellation {unknown}
 o - a potion of agility {unknown}
 q - 3 potions of degeneration {unknown}
 t - a potion of resistance {unknown}
 v - a potion of heal wounds {unknown}
 x - a potion of lignification {unknown}
 z - 2 potions of cure mutation {unknown}
Comestibles
 f - 2 bread rations
 g - 2 chunks of flesh
 u - 2 meat rations


   Skills:
 + Level 2.8(2.4) Fighting
 * Level 3.6(3.2) Axes
 - Level 1.7(1.4) Throwing
 + Level 1.3(0.9) Armour
 - Level 2.6(2.3) Dodging
 * Level 2.2(1.8) Shields


You had 3 spell levels left.
You didn't know any spells.

Dungeon Overview and Level Annotations

Branches:
Dungeon (3/15)

Altars:
Makhleb
Qazlal


Innate Abilities, Weirdness & Mutations

You regenerate health from kills.


Message History

You closely miss the gnoll. You block the gnoll's attack.
The gnoll hits you but does no damage.
You barely miss the gnoll. x2; You block the gnoll's attack.
The gnoll misses you. You block the gnoll's attack.
The gnoll hits you with a whip.
You barely miss the gnoll. You hit the gnoll. The gnoll barely misses you.
The gnoll hits you but does no damage.
You barely miss the gnoll. You hit the gnoll. The gnoll barely misses you.
The gnoll hits you with a whip.
You closely miss the gnoll. You barely miss the gnoll.
You block the gnoll's attack. x2; The gnoll hits you but does no damage.
The gnoll misses you.
You closely miss the gnoll. You barely miss the gnoll. The gnoll hits you!
The gnoll closely misses you.
You slash the gnoll!
The gnoll is almost dead.
You hit the gnoll. The gnoll hits you.
* * * LOW HITPOINT WARNING * * *
The gnoll hits you but does no damage. The gnoll hits you.
You die...

..(
####.......#.....#..#####..
... ...................+#
#.#'. ...
###.##..#.#......## #..##
..## #.....#.#.....⌠# #_..#
#.##.......##### #####
#.......#### ####.####
#..(g# ####@# #g# #.. ####


You could see 2 gnolls.

Vanquished Creatures
  A gnoll (D:3)
  6 adders
  An ooze (D:2)
  A worm (D:1)
  A leopard gecko (D:1)
  6 bats (D:1)
  6 giant cockroaches
  6 hobgoblins
  11 kobolds
  3 quokkas
  3 frilled lizards
  4 goblins
  10 rats
59 creatures vanquished.

Notes
Turn   | Place    | Note
-------+----------+-------------------------------------------
     0 | D:1      | Millan the Demonspawn Gladiator began the quest for the Orb.
     0 | D:1      | Reached XP level 1. HP: 16/16 MP: 1/1
   118 | D:1      | Gained mutation: You regenerate a little health from kills. [demonic ancestry]
   118 | D:1      | Reached XP level 2. HP: 20/22 MP: 2/2
   137 | D:1      | Reached skill level 3 in Axes
   172 | D:1      | Reached skill level 1 in Armour
   535 | D:1      | Gained mutation: You regenerate health from kills. [demonic ancestry]
   535 | D:1      | Reached XP level 3. HP: 28/28 MP: 3/3
   979 | D:2      | Reached skill level 1 in Shields
  1058 | D:2      | Found a stormy altar of Qazlal.
  1075 | D:2      | Reached XP level 4. HP: 34/34 MP: 4/4
  1671 | D:3      | Found a burning altar of Makhleb.
  1732 | D:3      | Slain by a gnoll

Skill      XL: |  1  2  3  4 |
---------------+-------------+-----
Axes           | 3 |  3.6
Armour         | 1 |  1.3
Shields        | 1 2 |  2.2
Fighting       | |  2.8
Throwing       | |  1.7
Dodging        | |  2.6

Action                   |  1- 3 |  4- 6 || total
-------------------------+-------+-------++-------
Melee: War axe           |   143 |    68 ||   211
 Stab: Sleeping          |     1 |       ||     1
  Eat: Chunk             |     1 |     2 ||     3
Armor: Leather armour    |    79 |    25 ||   104
Dodge: Dodged            |   112 |    41 ||   153
Block: Buckler           |    21 |    14 ||    35
